 Dungeon Crawl Stone Soup version 0.22-a0-354-g30dfbe6 (webtiles) character file.

255631 Amnesiac the Peltast (level 19, -10/151 HPs)
             Began as a Mummy Necromancer on Apr 17, 2018.
             Was a High Priest of Sif Muna.
             Mangled by a death ooze (20 damage)
             ... created by the Royal Jelly
             ... on level 5 of the Pits of Slime.
             The game lasted 02:11:05 (53210 turns).

Amnesiac the Peltast (Mummy Necromancer)           Turns: 53210, Time: 02:11:05

Health: -10/151    AC:  3    Str: 11    XL:     19   Next: 5%
Magic:  0/53       EV: 22    Int: 24    God:    Sif Muna [*****.]
Gold:   1629       SH: 15    Dex: 14    Spells: 7/48 levels left

rFire    . . .     SeeInvis .   a - staff of power
rCold    + . .     Gourm    .   G - +2 shield
rNeg     + + +     Faith    .   I - +2 robe {Archmagi}
rPois    ∞         Spirit   +   h - +2 helmet {Int+3}
rElec    .         Reflect  .   q - scarf {Spirit}
rCorr    +         Harm     .   C - +0 pair of gloves of the Armadillo {rCorr}
MR       +++++     Clarity  +   r - +2 pair of boots
Stlth    ++........             c - amulet of the Four Winds {rN+ MR+++ Clar}
HPRegen  0.35/turn              k - ring of protection from fire
MPRegen  0.33/turn              y - ring of wizardry

@: about to teleport, corroded, studying Armour, no casting
A: no food or potions, fire vulnerability, cold resistance 1, negative energy
resistance 3, torment resistance, unbreathing, in touch with death 1
}: 2/15 runes: decaying, serpentine
a: Stop Divine Energy, Channel Magic, Forget Spell, Renounce Religion


You were on level 5 of the Pits of Slime.
You worshipped Sif Muna.
Sif Muna was extremely pleased with you.
You were not hungry.

You visited 8 branches of the dungeon, and saw 38 of its levels.
You also visited: Labyrinth.

You collected 2914 gold pieces.
You spent 1285 gold pieces at shops.

Inventory:

Hand Weapons
 b - the +8 whip "Snakebite" {curare, rPois}
   (You found it on level 4 of the Lair of Beasts)

   It poisons the flesh of those it strikes.
   It protects you from poison.
 p - a +4 whip of pain
 w - a +0 blowgun
Missiles
 F - 11 curare-tipped needles
Armour
 h - a +2 helmet of intelligence (worn)
 o - the +0 pair of gloves of Lugonu's Generosity {Str+3 Int+3 Dex+4}
   (You acquired it on level 1 of the Orcish Mines)

   It affects your strength (+3).
   It affects your intelligence (+3).
   It affects your dexterity (+4).
 q - a scarf of spirit shield (worn)
 r - a +2 pair of boots (worn)
 C - the +0 pair of gloves of the Armadillo (worn) {rCorr}
   (You acquired it on level 1 of the Orcish Mines)

   It protects you from acid and corrosion.
 G - a +2 shield (worn)
 I - a +2 robe of the Archmagi (worn)
 M - a scarf of resistance
Magical Staves
 a - an uncursed staff of power (weapon)
 g - an uncursed staff of death
Jewellery
 c - the amulet of the Four Winds (around neck) {rN+ MR+++ Clar}
   (You bought it in a shop on level 2 of the Orcish Mines)

   [amulet of nothing]

   It protects you from negative energy.
   It affects your resistance to hostile enchantments.
   It protects you against confusion.
 k - a ring of protection from fire (left hand)
 y - a ring of wizardry (right hand)
Wands
 i - a wand of random effects (81)
 n - a wand of enslavement (27)
 t - a wand of flame (52)
 z - a wand of iceblast (32)
 E - a wand of digging (9)
 H - a wand of polymorph (33)
 K - a wand of scattershot (4)
Scrolls
 d - 4 scrolls of fear {!r}
 e - 10 scrolls of remove curse {!r}
 f - 17 scrolls of identify {!r}
 j - 5 scrolls of enchant armour {!r}
 l - 7 scrolls of magic mapping {!r}
 m - a scroll of blinking {!r}
 s - 4 scrolls of fog {!r}
 u - a scroll of enchant weapon {!r}
 x - 4 scrolls of silence {!r}
 A - 6 scrolls of teleportation {!r}
 L - a scroll of amnesia {!r}
Books
 D - a manual of Armour


   Skills:
 + Level 13.9 Fighting
 - Level 15.2 Dodging
 - Level 1.5 Stealth
 - Level 15.2 Shields
 - Level 15.0 Spellcasting
 - Level 15.0 Necromancy
 - Level 8.5 Invocations


You had 7 spell levels left.
You knew the following spells:

 Your Spells              Type           Power        Failure   Level  Hunger
a - Bolt of Draining      Conj/Necr      #######...   1%          5    N/A
b - Animate Dead          Necr           N/A          1%          4    N/A
c - Pain                  Necr           ####         0%          1    N/A
d - Borgnjor's Vile Clut  Necr/Erth      #######...   1%          5    N/A
e - Dispel Undead         Necr           ########     1%          5    N/A
f - Infestation           Necr           ########..   17%         8    N/A
g - Vampiric Draining     Necr           ########..   0%          3    N/A
h - Passwall              Tmut/Erth      ####......   1%          2    N/A
i - Lee's Rapid Deconstr  Erth           ####......   32%         5    N/A
s - Conjure Flame         Conj/Fire      ####....     4%          3    N/A

Dungeon Overview and Level Annotations

Branches:
Dungeon (15/15)            Temple (1/1) D:4            Lair (6/6) D:8
  Swamp (4/4) Lair:2        Snake (4/4) Lair:2        Slime (5/5) Lair:5
    Orc (2/2) D:12            Elf (1/3) Orc:2        Depths (0/5) D:15
 Vaults: D:13-14

Altars:
Ashenzari
Cheibriados
Dithmenos
Elyvilon
Fedhas
Gozag
Hepliaklqana
Kikubaaqudgha
Makhleb
Nemelex Xobeh
Okawaru
Qazlal
Ru
Sif Muna
Trog
Uskayaw
Vehumet
Wu Jian
Xom
Yredelemnul
Zin
The Shining One
Beogh
Jiyva

Shops:
D:4 [[   D:6 :   D:7 }   Orc:1 =   Orc:2 [(:*=   Snake:1 %([[*

Annotations:
D:15 Urug
Swamp:2 exclusion: Roxanne, Roxanne
Orc:2 Rupert


Innate Abilities, Weirdness & Mutations

You do not eat or drink.
Your flesh is vulnerable to fire.
You are immune to poison.
Your flesh is cold resistant. (rC+)
You are immune to negative energy. (rN+++)
You are immune to unholy pain and torment.
You can survive without breathing.
You are in touch with the powers of death.


Message History

You block the acid blob's attack. The acid blob hits your death scarab.
Your death scarab is splashed with acid.
The acid corrodes your death scarab! The death ooze misses you.
You block the death ooze's attack. The death ooze hits you!!
The death ooze misses you. The acid blob spits acid at you.
The splash of acid hits you! You resist.
You are splashed with acid!
The acid burns!
You resist.
Okay, then.
Okay, then.
Really read
A - 7 scrolls of teleportation {!r}?
As you read the scroll of teleportation {!r}, it crumbles to dust.
You feel strangely unstable.
The acid blob is no longer moving slowly.
The death ooze is destroyed!
Your death scarab drains the acid blob's vigour!
The acid blob seems to slow down.
Your death scarab draws strength from the acid blob's injuries!
Your death scarab is burned by acid!
The acid blob spits acid at you. The splash of acid hits you! You resist.
* * * LOW HITPOINT WARNING * * *
You are splashed with acid!
The acid burns!
You resist.
* * * LOW HITPOINT WARNING * * *
The acid blob barely misses your death scarab.
You block the death ooze's attack. The death ooze hits you!
* * * LOW HITPOINT WARNING * * *
Your death scarab drains the azure jelly's vigour!
The azure jelly seems to slow down.
Your death scarab draws strength from the azure jelly's injuries!
The death ooze hits you!!
* * * LOW HITPOINT WARNING * * *
The death ooze barely misses you. The death ooze hits your death scarab!
The death ooze completely misses your death scarab.
The acid blob misses your death scarab. The acid blob spits acid at you.
The splash of acid hits you! You resist.
* * * LOW HITPOINT WARNING * * *
You are splashed with acid!
The acid burns!
You resist.
* * * LOW HITPOINT WARNING * * *
You block the acid blob's attack.
Unknown command.
Your death scarab drains the death ooze's vigour!
The death ooze seems to slow down.
The acid blob jiggles.
Your death scarab drains the acid blob's vigour!
The acid blob seems to slow down.
Your death scarab draws strength from the acid blob's injuries!
Your death scarab is burned by acid!
Your death scarab drains the azure jelly's vigour!
The azure jelly seems to slow down.
Your death scarab draws strength from the azure jelly's injuries!
The acid blob spits acid at you. The splash of acid hits you! You resist.
* * * LOW HITPOINT WARNING * * *
The acid corrodes you!
You are splashed with acid!
The acid burns!
You resist.
* * * LOW HITPOINT WARNING * * *
The acid blob spits acid at you. The splash of acid hits you! You resist.
* * * LOW HITPOINT WARNING * * *
You are splashed with acid!
The acid burns!
You resist.
* * * LOW HITPOINT WARNING * * *
The death ooze closely misses you. The death ooze hits you!!
You die...

..............##
...............##
................#
................#
................##
.................# #
#................##.#
...........sJ..J...#
...........J..JJ@..##
..........JJJ.......#
..........Js.JJJ....#
#.........J.s.......#
............J.......#
....................#
....................#
..................###
..................##


You could see 5 acid blobs, 4 azure jellies, 5 death oozes and 3 friendly death
scarabs.

Vanquished Creatures
  the Lernaean hydra (Swamp:4)
  Saint Roka (Orc:1)
  11 acid blobs
  5 nagarajas (Snake:4)
  8 azure jellies
  A deep elf sorcerer (Elf:1)
  An orc warlord (Orc:1)
  A ghoul (Swamp:1)
  Nessos (D:14)
  Azrael (Orc:1)
  The ghost of Klosterheim the Grappler, a journeyman DrTm of Uskayaw (Lair:4)
  A minotaur (Lab)
  A death ooze (Slime:1)
  A fire dragon (Lair:6)
  An ogre mage (D:15)
  7 naga warriors
  18 hydras
  A ghost crab (Swamp:4)
  2 centaur warriors (D:15)
  5 anacondas
  11 alligators
  4 two-headed ogres
  4 death yaks
  An orc high priest (Orc:2)
  A dancing weapon (Orc:2)
  2 tengu warriors (D:15)
  Nergalle (Orc:1)
  Sonja (D:13)
  14 naga sharpshooters
  A deep elf knight (Elf:1)
  6 shock serpents
  90 slime creatures
  4 unseen horrors
  A spriggan druid (Swamp:4)
  12 swamp dragons
  2 wizards
  A naga ritualist (Snake:1)
  A deep elf archer (Elf:1)
  A lindwurm (Lair:6)
  6 mana vipers
  An orc sorcerer (Orc:2)
  4 orc knights (Orc:2)
  8 shining eyes
  6 oklob plants
  6 ugly things
  15 deep elf magi
  A moth of wrath (shapeshifter) (D:15)
  2 cyclopes (D:14)
  8 salamanders
  9 elephants
  12 naga magi
  38 black mambas
  An eye of devastation (Slime:3)
  A molten gargoyle (Lair:6)
  12 spiny frogs
  4 gargoyles
  2 guardian serpents
  4 yaktaurs (D:15)
  2 kobold demonologists (D:12)
  12 komodo dragons
  A minotaur skeleton (Lab)
  A freezing wraith (D:15)
  A redback zombie (D:11)
  9 trolls
  A hornet (shapeshifter) (D:15)
  3 polar bears
  9 tyrant leeches
  11 hornets
  14 blink frogs
  9 dream sheep (Lair:6)
  14 bog bodies
  13 hippogriffs
  7 spriggans
  A vampire (D:13)
  2 wraiths
  40 yaks
  4 wyverns
  A yak (shapeshifter) (D:13)
  4 fire elementals (Orc:2)
  15 golden eyes
  8 basilisks
  2 steam dragons (Lair:6)
  A hungry ghost (Lab)
  18 vampire mosquitoes
  The ghost of Tungsten the Chiller, an amateur HuIE (D:4)
  47 nagas
  13 swamp worms
  An acid dragon (D:11)
  9 insubstantial wisps
  4 wargs
  3 soldier ants
  11 water moccasins
  17 porcupines
  7 hell hounds
  4 ice beasts
  2 sky beasts (D:10)
  11 eyes of draining
  4 phantoms
  17 swamp drakes
  3 black bears
  4 necrophages (Swamp:1)
  27 orc warriors
  A boggart (Elf:1)
  19 wolves
  6 ogres
  9 centaurs
  11 crocodiles
  8 big kobolds
  14 bullfrogs
  2 elf zombies (D:9)
  2 wyvern zombies
  A gnoll sergeant (D:9)
  2 wyvern skeletons
  An elf skeleton (D:9)
  A troll zombie (D:9)
  4 scorpions
  3 spriggan skeletons (Lab)
  4 killer bees (D:10)
  2 electric eels (Lair:2)
  16 wights
  7 howler monkeys
  2 troll skeletons (Lab)
  8 crimson imps
  5 centaur zombies
  4 jellies
  A quasit (D:9)
  4 human zombies (D:9)
  5 lava snakes (Lair:6)
  6 hounds
  15 orc priests
  5 centaur skeletons
  A gnoll shaman (D:10)
  32 orc wizards
  4 bullfrog skeletons
  A human skeleton (D:9)
  5 iguanas
  13 worker ants
  Terence (D:2)
  An ogre skeleton (Lab)
  A hound skeleton (D:9)
  3 mummies (D:9)
  A howler monkey zombie (D:8)
  A worker ant zombie (D:10)
  Robin (D:1)
  18 adders
  15 gnolls
  4 shadow imps
  An adder zombie (D:5)
  An adder skeleton (D:4)
  4 worms
  A dart slug (D:1)
  4 leopard geckos
  72 orcs
  6 bats
  14 giant cockroaches
  8 goblins
  11 hobgoblins
  19 jackals
  36 kobolds
  3 quokkas
  A ball python (D:2)
  4 frilled lizards
  10 rats
  A plant (Lair:1)
1221 creatures vanquished.

Vanquished Creatures (collateral kills)
  the Royal Jelly (Slime:5)
  Rupert (Orc:2)
  4 acid blobs (Slime:5)
  A thorn hunter (Swamp:3)
  A nagaraja (Snake:4)
  2 azure jellies (Slime:5)
  5 death oozes (Slime:5)
  2 naga warriors (Snake:4)
  2 alligators
  2 anacondas (Snake:4)
  3 naga sharpshooters (Snake:4)
  A shock serpent (Snake:4)
  4 shambling mangroves
  A glowing orange brain (Slime:5)
  An ugly thing (Swamp:3)
  A mana viper (Snake:4)
  11 slime creatures (Slime:5)
  A salamander (Snake:4)
  A molten gargoyle (Lair:6)
  4 naga magi (Snake:4)
  2 black mambas (Snake:4)
  5 hornets
  7 insubstantial wisps
  7 nagas (Snake:4)
  An ogre (Temple)
  An orc priest (Temple)
72 creatures vanquished.

Vanquished Creatures (others)
  A wizard (Elf:1)
  A hound zombie (D:5)
  An orc (D:10)
  2 briar patches (Swamp:3)
  6 fungi
  5 plants
  9 toadstools (Swamp:3)
25 creatures vanquished.

Grand Total: 1318 creatures vanquished

Notes
Turn   | Place    | Note
-------+----------+-------------------------------------------
     0 | D:1      | Amnesiac the Mummy Necromancer began the quest for the Orb.
     0 | D:1      | Reached XP level 1. HP: 13/13 MP: 4/4
   189 | D:1      | Reached XP level 2. HP: 20/20 MP: 2/5
   313 | D:1      | Reached skill level 1 in Fighting
   630 | D:2      | Noticed Robin
   756 | D:1      | Killed Robin
   756 | D:1      | Reached XP level 3. HP: 13/26 MP: 0/7
   761 | D:1      | Learned a level 3 spell: Vampiric Draining
  1176 | D:2      | Found a faded altar of an unknown god.
  1379 | D:2      | Noticed Terence
  1384 | D:2      | Killed Terence
  1384 | D:2      | Reached XP level 4. HP: 33/33 MP: 2/8
  1472 | D:2      | Found a shimmering altar of Xom.
  2277 | D:2      | Reached XP level 5. HP: 18/39 MP: 6/9
  2702 | D:3      | Found a bloodstained altar of Trog.
  2794 | D:3      | You fall through a shaft for 2 floors!
  2794 | D:5      | Entered Level 5 of the Dungeon
  2892 | D:5      | Found a hazy altar of Hepliaklqana.
  2983 | D:4      | Found Liveam's Antique Armour Boutique.
  2997 | D:4      | Found a staircase to the Ecumenical Temple.
  3016 | D:4      | Noticed Tungsten's ghost (amateur HuIE)
  3024 | D:4      | Noticed an ogre
  3024 | Temple   | Entered the Ecumenical Temple
  3036 | Temple   | Became a worshipper of Sif Muna the Loreminder
  3041 | Temple   | Reached XP level 6. HP: 41/47 MP: 10/10
  3117 | Temple   | Learned a level 4 spell: Animate Dead
  3546 | Temple   | Reached skill level 5 in Necromancy
  3762 | D:4      | Killed Tungsten's ghost
  3762 | D:4      | Reached XP level 7. HP: 34/52 MP: 11/13
  3768 | D:4      | Found Bankan's Armour Shop.
  3805 | D:4      | Reached * piety under Sif Muna
  4781 | D:4      | Found an opulent altar of Gozag.
  5027 | D:4      | Reached skill level 5 in Spellcasting
  5344 | D:5      | Found a shadowy altar of Dithmenos.
  5415 | D:5      | Found a snail-covered altar of Cheibriados.
  5578 | D:6      | Found Numanie's Book Shop.
  5733 | D:6      | Reached XP level 8. HP: 58/58 MP: 16/16
  6410 | D:6      | Reached ** piety under Sif Muna
  6814 | D:6      | Found a blossoming altar of Fedhas.
  6921 | D:7      | Found a shattered altar of Ashenzari.
  6946 | D:7      | Found Nilliret's Gadget Shoppe.
  7106 | D:7      | Noticed a hippogriff
  7144 | D:7      | Killed a hippogriff
  7556 | D:7      | Reached *** piety under Sif Muna
  7593 | D:6      | Reached XP level 9. HP: 16/63 MP: 8/20
  8366 | D:7      | Found a glowing silver altar of Zin.
  8631 | D:8      | Found a staircase to the Lair.
  8775 | D:8      | Reached skill level 10 in Necromancy
  8796 | D:8      | Reached **** piety under Sif Muna
  9889 | D:9      | Reached XP level 10. HP: 53/70 MP: 6/23
 10284 | D:9      | Found an ancient bone altar of Kikubaaqudgha.
 10309 | D:9      | Reached ***** piety under Sif Muna
 10389 | D:9      | Reached skill level 10 in Spellcasting
 10519 | D:10     | Entered Level 10 of the Dungeon
 10615 | D:9      | Identified Sif Muna's Collected Works on Damaging Creation (Sif Muna gifted it to you on level 9 of the Dungeon)
 10615 | D:9      | Received a gift from Sif Muna
 10638 | D:9      | Reached skill level 1 in Shields
 11017 | D:10     | Found a sacrificial altar of Ru.
 11099 | D:10     | Reached skill level 1 in Invocations
 11567 | D:11     | Reached XP level 11. HP: 65/75 MP: 20/25
 11732 | D:11     | Reached skill level 5 in Invocations
 12229 | D:12     | Found a staircase to the Orcish Mines.
 12270 | D:12     | You fall through a shaft for 2 floors!
 12270 | D:14     | Identified a paperback manual
 12270 | D:14     | Noticed a two-headed ogre
 12274 | D:15     | Entered Level 15 of the Dungeon
 12332 | D:15     | Noticed a centaur warrior
 12352 | D:15     | Killed a centaur warrior
 12597 | D:15     | Noticed a deep elf mage
 12609 | D:15     | Killed a deep elf mage
 12728 | D:15     | Reached skill level 5 in Dodging
 12794 | D:14     | Noticed a deep elf mage
 12802 | D:14     | Killed a deep elf mage
 12870 | D:14     | Noticed Nessos
 13649 | D:12     | Reached XP level 12. HP: 81/81 MP: 24/26
 13787 | D:13     | Noticed Sonja
 13812 | D:13     | Killed Sonja
 13922 | D:13     | Got a dazzling leather armour
 13998 | D:13     | Noticed a seven-headed hydra
 14485 | D:13     | Killed a seven-headed hydra
 14485 | D:13     | Reached skill level 5 in Shields
 14629 | D:13     | Identified the +1 leather armour of the Saviour {-Cast Str+5} (You found it on level 13 of the Dungeon)
 15215 | D:14     | Killed Nessos
 15399 | D:14     | Killed a two-headed ogre
 15399 | D:14     | Reached skill level 10 in Shields
 15640 | D:14     | Noticed a vault guard
 15675 | D:15     | Noticed Urug
 15683 | D:15     | Noticed a five-headed hydra
 15684 | D:15     | Noticed a centaur warrior
 15701 | D:15     | Killed a centaur warrior
 15829 | D:15     | Gained mutation: You are in touch with the powers of death. [Mummy growth]
 15829 | D:15     | Reached XP level 13. HP: 90/90 MP: 27/27
 15956 | D:15     | Found a staircase to the Depths.
 16566 | D:15     | Reached skill level 5 in Fighting
 16775 | D:15     | Found an opulent altar of Gozag.
 16921 | Orc:1    | Entered Level 1 of the Orcish Mines
 17081 | Orc:1    | Found Alluywuj's Jewellery Boutique.
 17375 | Orc:2    | Entered Level 2 of the Orcish Mines
 17376 | Orc:2    | Identified a scroll of acquirement {!r}
 17481 | Orc:2    | Found Difinkett's Jewellery Shoppe.
 17527 | Orc:2    | Noticed Rupert
 17533 | Orc:2    | Found a labyrinth entrance.
 17538 | Lab      | Entered a labyrinth
 17883 | Lab      | Noticed a minotaur
 17897 | Lab      | Killed a minotaur
 17897 | Lab      | Identified Abom's Incunabulum of Supportive Stones (Sif Muna gifted it to you in a labyrinth)
 17897 | Lab      | Received a gift from Sif Muna
 17909 | Lab      | Got an ancient leather armour
 18042 | Orc:2    | Found a staircase to the Elven Halls.
 18141 | Orc:2    | HP: 3/98 [Rupert/great mace of protection (33)]
 18146 | Orc:2    | Killed Rupert
 18398 | Orc:2    | Noticed Saint Roka
 18464 | Orc:2    | Noticed an orc warlord
 18701 | Orc:2    | Noticed Nergalle
 18718 | Orc:1    | Killed Nergalle
 18734 | Orc:1    | Identified the +3 leather armour of the World {Regen+ Slay+3} (You found it in a labyrinth)
 19000 | Orc:1    | Killed an orc warlord
 19320 | Orc:2    | Reached XP level 14. HP: 87/105 MP: 24/29
 19390 | Orc:2    | Found a roughly hewn altar of Beogh.
 19394 | Orc:2    | Found Vinuriep's General Store.
 19803 | Lair:1   | Entered Level 1 of the Lair of Beasts
 20795 | Lair:2   | Got a translucent spear
 20798 | Lair:2   | Identified the +6 spear "Coecopla" {freeze, SInv} (You found it on level 2 of the Lair of Beasts)
 21284 | Lair:2   | Got a pitted ring mail
 21358 | Lair:2   | Identified the cursed +0 ring mail "Xoanga" {Int+6} (You found it on level 2 of the Lair of Beasts)
 21622 | Lair:2   | Found a staircase to the Swamp.
 21641 | Lair:2   | Found a staircase to the Snake Pit.
 21974 | Lair:3   | Received a gift from Sif Muna
 22123 | D:6      | Bought a book of Death for 770 gold pieces
 22129 | D:6      | Learned a level 5 spell: Dispel Undead
 22135 | D:6      | Learned a level 5 spell: Bolt of Draining
 22716 | Lair:4   | Noticed Klosterheim's ghost (journeyman DrTm)
 22721 | Lair:4   | Killed Klosterheim's ghost
 23914 | Lair:4   | Found the +8 whip "Snakebite" {curare, rPois}
 25024 | Lair:5   | Found a staircase to the Slime Pits.
 25264 | Lair:6   | Entered Level 6 of the Lair of Beasts
 25851 | Lair:6   | Reached XP level 15. HP: 104/110 MP: 0/31
 26468 | Lair:6   | Got a jewelled ring mail
 26511 | Lair:6   | Identified the cursed +0 ring mail "Zeveth" {rElec MR+ Str+2 Int-2} (You found it on level 6 of the Lair of Beasts)
 27313 | Lair:6   | Found a large runed door.
 28188 | Lair:6   | Found a large runed door.
 28796 | Orc:1    | Killed Saint Roka
 28796 | Orc:1    | Reached skill level 15 in Shields
 28917 | Orc:2    | Noticed Azrael
 29665 | Orc:2    | Found Ruel's Antique Armour Shop.
 29753 | Orc:2    | Found Apsifuim's Book Shop.
 29759 | Orc:2    | Found Quwaf's Antique Weapon Shop.
 29978 | Elf:1    | Entered Level 1 of the Elven Halls
 30404 | Elf:1    | Noticed a deep elf sorcerer
 30405 | Elf:1    | Killed a deep elf sorcerer
 31158 | Orc:2    | Bought the amulet of the Four Winds {rN+ MR+++ Clar} for 482 gold pieces
 31158 | Orc:2    | Found the amulet of the Four Winds {rN+ MR+++ Clar}
 31322 | Swamp:1  | Entered Level 1 of the Swamp
 31597 | Swamp:1  | Identified Sif Muna's Almanac of Freezing Black Magic (Sif Muna gifted it to you on level 1 of the Swamp)
 31597 | Swamp:1  | Received a gift from Sif Muna
 33489 | Swamp:2  | Reached XP level 16. HP: 117/117 MP: 0/33
 33852 | Swamp:2  | Noticed Roxanne
 34244 | Swamp:2  | Reached skill level 15 in Necromancy
 34624 | Swamp:2  | Got an iridescent short sword
 35315 | Swamp:3  | Reached skill level 15 in Spellcasting
 35333 | Swamp:3  | Learned a level 8 spell: Infestation
 35335 | Swamp:3  | Identified the +8 short sword "Bodoocasoa" {pierce, rN+ Dex+4} (You found it on level 2 of the Swamp)
 35369 | Swamp:3  | Noticed a thorn hunter
 35463 | Swamp:3  | Learned a level 3 spell: Conjure Flame
 35655 | Swamp:4  | Entered Level 4 of the Swamp
 36148 | Swamp:4  | Received a gift from Sif Muna
 36306 | Swamp:4  | Learned a level 5 spell: Borgnjor's Vile Clutch
 37319 | Swamp:3  | Killed a thorn hunter
 38160 | Swamp:4  | Noticed the 27-headed Lernaean hydra
 38168 | Swamp:4  | Killed the 27-headed Lernaean hydra
 38456 | Swamp:4  | Reached skill level 10 in Dodging
 38774 | Swamp:4  | Got a decaying rune of Zot
 38936 | Snake:1  | Entered Level 1 of the Snake Pit
 39002 | Snake:1  | Reached skill level 10 in Fighting
 39069 | Snake:1  | Found Wizol's General Store.
 39079 | Snake:1  | Bought a scroll of teleportation for 33 gold pieces
 39129 | Snake:1  | Found Icwazoin's Armour Shop.
 39135 | Snake:1  | Found Firchinui's Armour Emporium.
 39450 | Snake:1  | Reached XP level 17. HP: 128/128 MP: 31/36
 39865 | Snake:1  | Found Guwk's Antique Weapon Shoppe.
 40057 | Snake:1  | Found Erphaw's Food Boutique.
 42482 | Snake:3  | Learned a level 2 spell: Passwall
 42488 | Snake:3  | Learned a level 5 spell: Lee's Rapid Deconstruction
 42868 | Snake:4  | Entered Level 4 of the Snake Pit
 44650 | Snake:4  | Got a serpentine rune of Zot
 45711 | Orc:1    | Killed Azrael
 46073 | Orc:2    | Found Difinkett's Jewellery Shoppe.
 46269 | Orc:2    | Found a roughly hewn altar of Beogh.
 46272 | Orc:2    | Found Ruel's Antique Armour Shop.
 46287 | Orc:2    | Found a staircase to the Elven Halls.
 46331 | Orc:2    | Found Vinuriep's General Store.
 46371 | Orc:2    | Found Apsifuim's Book Shop.
 46378 | Orc:2    | Found Quwaf's Antique Weapon Shop.
 46995 | Orc:1    | Got a pair of brightly glowing gloves
 47006 | Orc:1    | Identified the +0 pair of gloves of Lugonu's Generosity {Str+3 Int+3 Dex+4} (You acquired it on level 1 of the Orcish Mines)
 47006 | Orc:1    | Got a pair of warped gloves
 47017 | Orc:1    | Identified the +0 pair of gloves of the Armadillo {rCorr} (You acquired it on level 1 of the Orcish Mines)
 47017 | Orc:1    | Got a twisted hat
 47028 | Orc:1    | Identified the +0 hat of Resonance {Str+3} (You acquired it on level 1 of the Orcish Mines)
 47616 | Lair:1   | Reached XP level 18. HP: 134/134 MP: 37/37
 47875 | Slime:1  | Entered Level 1 of the Pits of Slime
 48550 | Slime:1  | Identified Sif Muna's Almanac of Twisted Fire (Sif Muna gifted it to you on level 1 of the Pits of Slime)
 48550 | Slime:1  | Received a gift from Sif Muna
 48925 | Slime:2  | Reached skill level 15 in Dodging
 52942 | Slime:5  | Entered Level 5 of the Pits of Slime
 53181 | Slime:5  | Found the +10 large shield of Ignorance {rN+ Int-4}
 53182 | Slime:5  | Found a viscous altar of Jiyva.
 53184 | Slime:5  | Noticed the Royal Jelly
 53206 | Slime:5  | Killed the Royal Jelly
 53206 | Slime:5  | Reached XP level 19. HP: 122/151 MP: 1/38
 53210 | Slime:5  | Mangled by a death ooze

Vault maps used:
D:1:      mainiacjoe_arrival_reflecting_pool
D:2:      chequers_ecumenical_altar_grove, tgw_xom, uniq_robin, uniq_terence
D:3:      minmay_roachtagon, overflow_temple_1_default, minivault_4
D:4:      nicolae_gozag_seed_capital, minmay_temple_entry_grid, serial_shops,
          shop, shop
D:5:      kennysheep_little_box, nicolae_overflow_hidden_temple, first_ration,
          minmay_crystal_room, grunt_dithmenos_smoke_and_mirrors
D:6:      kennysheep_spiral_hall, fedhas_bush_and_centaur_altar, serial_shops,
          shop
D:7:      lemuel_crystal_altar, serial_shops, shop, evilmike_ruin_ashenzari
D:8:      lair_entry_dummy, hangedman_pestilent_swarm
D:9:      lemuel_mausoleum_altar_kikubaaqudgha, supply_closet_lemuel
D:10:     nicolae_ru_sacrificial_ziggurat
D:12:     orc_0_dummy, serial_glass, glass_columns_b, glass_columns_b,
          glass_columns_c, glass_columns_a
D:13:     uniq_sonja
D:14:     grunt_vaults_entry_fortified, uniq_nessos
D:15:     grunt_enter_depths_magical_seal, lemuel_statue_altar,
          grunt_ministairs_11, uniq_urug
Temple:   eino_temple_lava
Lair:1:   minmay_lair_oklob_chamber
Lair:2:   swamp_mist_pool, guppyfry_snake_entry_garden, beast_lair_carwin_6,
          serial_bayou_shore_b, serial_bayou_shore_a
Lair:3:   grunt_forest_stairs_clearing, grunt_megastairs_1
Lair:4:   minmay_guarded_unrand_snakebite
Lair:5:   minmay_slime_entry_oklob_open
Lair:6:   cheibrodos_lair_end_hotspot
Swamp:1:  evilmike_swamp_ruin_house_3, swamp_pool4, hangedman_swamp_ravenous
Swamp:2:  evilmike_swamp_ruin_house_2, swamp_pool3, cheibrodos_swamp_slimy,
          uniq_roxanne
Swamp:3:  cheibrodos_swamp_tower_of_moss, serial_swamp_ruin,
          evilmike_swamp_ruin_rubble_2, evilmike_swamp_ruin_house_1,
          evilmike_swamp_ruin_house_6
Swamp:4:  swamp_old_school, infiniplex_staircase_pool_2
Snake:1:  serial_shops, shop_fountains, shop, shop, shop, nicolae_shop_trees,
          st_stairs_14, nicolae_snake_squiggles
Snake:2:  uniq_saint_roka
Snake:3:  stair_cage_wide
Snake:4:  minmay_snake_end_coiled
Orc:1:    serial_shops, nicolae_shop_trees
Orc:2:    grunt_orc_cross, lab_entry_generic, portal_ice_cave_entry_pillars_1,
          serial_shops, shop, mines3_lemuel, uniq_azrael, uniq_rupert
Elf:1:    hangedman_elf_disciples
Lab:      labyrinth_watery, nicolae_lab_flowing_pool, nicolae_lab_hexagon,
          nicolae_lab_plus, nicolae_lab_quarters, labyrinth_skeletal_remains,
          nicolae_lab_arrow, nicolae_lab_garden, nicolae_lab_lava

Skill      XL: |  1  2  3  4  5  6  7  8  9 10 11 12 13 14 15 16 17 18 |
---------------+-------------------------------------------------------+-----
Dodging        | 2 3 4 7 8 10 14 15 | 15.2
Fighting       | 1 2 3 4 8 10 13 | 13.9
Spellcasting   | 4 5 7 9 10 11 12 13 15 | 15.0
Necromancy     | 5 7 9 11 12 13 14 15 | 15.0
Shields        | 4 10 12 14 15 | 15.2
Invocations    | 4 8 |  8.5
Stealth        | |  1.5

Action                   |  1- 3 |  4- 6 |  7- 9 | 10-12 | 13-15 | 16-18 | 19-21 || total
-------------------------+-------+-------+-------+-------+-------+-------+-------++-------
Melee: Unarmed           |     4 |       |       |       |       |       |       ||     4
       Club              |       |    48 |       |       |       |       |       ||    48
       Dagger            |       |   201 |   395 |       |       |       |       ||   596
       Scimitar          |       |       |   173 |   969 |   682 |       |       ||  1824
       Whip              |       |       |       |       |   148 |   104 |       ||   252
       Staff             |       |       |       |       |    42 |    37 |       ||    79
       Short sword       |       |       |       |       |       |    10 |       ||    10
 Cast: Pain              |    74 |    35 |    15 |       |    11 |       |       ||   135
       Vampiric Draining |       |     9 |    31 |    50 |   128 |     9 |       ||   227
       Animate Dead      |       |     3 |       |       |     4 |     3 |       ||    10
       Bolt of Draining  |       |       |       |       |   278 |   738 |       ||  1016
       Dispel Undead     |       |       |       |       |    23 |    25 |       ||    48
       Infestation       |       |       |       |       |       |    14 |     1 ||    15
       Borgnjor's Vile C |       |       |       |       |       |    19 |       ||    19
       Lee's Rapid Decon |       |       |       |       |       |     1 |       ||     1
Invok: Divine Energy     |       |       |     1 |       |       |       |       ||     1
Evoke: Wand              |       |       |       |    44 |    36 |     1 |       ||    81
       Phantom mirror    |       |       |       |       |     1 |       |       ||     1
  Use: Scroll            |       |       |    12 |     4 |    25 |     9 |     1 ||    51
 Stab: Paralysed         |       |    10 |     3 |       |       |       |       ||    13
       Invisible         |       |     1 |       |       |       |       |       ||     1
       Petrifying        |       |     1 |       |       |       |       |       ||     1
       Petrified         |       |       |     9 |       |       |       |       ||     9
       Sleeping          |       |       |     2 |    10 |     2 |       |       ||    14
       Confused          |       |       |     2 |       |       |       |       ||     2
       Distracted        |       |       |       |       |     2 |     1 |       ||     3
Armor: Robe              |     2 |    15 |       |       |    46 |    72 |       ||   135
       Chain mail        |       |   170 |       |       |       |       |       ||   170
       Leather armour    |       |       |   195 |   174 |   119 |       |       ||   488
       Troll leather arm |       |       |       |   270 |   153 |       |       ||   423
Dodge: Dodged            |    11 |    99 |   431 |   883 |   734 |   223 |     5 ||  2386
Block: Buckler           |       |       |       |   339 |       |       |       ||   339
       Shield            |       |       |       |   181 |  1000 |   279 |     7 ||  1467
       Rpst.: Scimitar   |       |       |    55 |   213 |   136 |       |       ||   404

Table legend:
 A = Spawn XP
 B = Non-spawn XP
 C = Spawn XP percentage of total XP
 D = Spawn monster count
 E = Non-spawn monster count
 F = Spawn count percentage of total count
 G = Total turns spent on level
                    A         B        C        D         E        F      G
               +---------+---------+-------+---------+---------+-------+---------
         Total |       0 |  381578 |   0.0 |       0 |    1287 |   0.0 | 53210
               +---------+---------+-------+---------+---------+-------+---------
           D:1 |       0 |      41 |   0.0 |       0 |      15 |   0.0 |   811
           D:2 |       0 |     160 |   0.0 |       0 |      35 |   0.0 |  1623
           D:3 |       0 |     242 |   0.0 |       0 |      38 |   0.0 |  1080
           D:4 |       0 |     403 |   0.0 |       0 |      13 |   0.0 |   910
           D:5 |       0 |     233 |   0.0 |       0 |      13 |   0.0 |   997
           D:6 |       0 |     574 |   0.0 |       0 |      15 |   0.0 |  1145
           D:7 |       0 |    1195 |   0.0 |       0 |      27 |   0.0 |  1371
           D:8 |       0 |    1217 |   0.0 |       0 |      22 |   0.0 |  1332
           D:9 |       0 |    3531 |   0.0 |       0 |      58 |   0.0 |  1162
          D:10 |       0 |    1901 |   0.0 |       0 |      36 |   0.0 |   669
          D:11 |       0 |    4208 |   0.0 |       0 |      43 |   0.0 |   934
          D:12 |       0 |    2740 |   0.0 |       0 |      30 |   0.0 |  1120
          D:13 |       0 |    8067 |   0.0 |       0 |      37 |   0.0 |  1596
          D:14 |       0 |    8236 |   0.0 |       0 |      37 |   0.0 |   762
          D:15 |       0 |   16894 |   0.0 |       0 |      40 |   0.0 |  1638
        Temple |       0 |     334 |   0.0 |       0 |       8 |   0.0 |   712
        Lair:1 |       0 |    6547 |   0.0 |       0 |      29 |   0.0 |  1042
        Lair:2 |       0 |    6000 |   0.0 |       0 |      31 |   0.0 |  1227
        Lair:3 |       0 |    3336 |   0.0 |       0 |      16 |   0.0 |   671
        Lair:4 |       0 |    8465 |   0.0 |       0 |      37 |   0.0 |  1492
        Lair:5 |       0 |    9326 |   0.0 |       0 |      29 |   0.0 |  1745
        Lair:6 |       0 |   20015 |   0.0 |       0 |      64 |   0.0 |  2875
       Swamp:1 |       0 |   15751 |   0.0 |       0 |      40 |   0.0 |  1792
       Swamp:2 |       0 |   15169 |   0.0 |       0 |      44 |   0.0 |  1972
       Swamp:3 |       0 |   15068 |   0.0 |       0 |      44 |   0.0 |  1300
       Swamp:4 |       0 |   29594 |   0.0 |       0 |      54 |   0.0 |  2532
       Snake:1 |       0 |   16885 |   0.0 |       0 |      30 |   0.0 |  1257
       Snake:2 |       0 |   12821 |   0.0 |       0 |      26 |   0.0 |  1313
       Snake:3 |       0 |   10825 |   0.0 |       0 |      22 |   0.0 |  1409
       Snake:4 |       0 |   39189 |   0.0 |       0 |      85 |   0.0 |  2641
       Slime:1 |       0 |   11458 |   0.0 |       0 |      23 |   0.0 |   812
       Slime:2 |       0 |   23807 |   0.0 |       0 |      33 |   0.0 |  1641
       Slime:3 |       0 |   17282 |   0.0 |       0 |      39 |   0.0 |  1462
       Slime:4 |       0 |   19126 |   0.0 |       0 |      32 |   0.0 |  1152
       Slime:5 |       0 |   17229 |   0.0 |       0 |      25 |   0.0 |   268
         Orc:1 |       0 |   11567 |   0.0 |       0 |      32 |   0.0 |  1486
         Orc:2 |       0 |   11235 |   0.0 |       0 |      60 |   0.0 |  4011
         Elf:1 |       0 |    8850 |   0.0 |       0 |      14 |   0.0 |   778
           Lab |       0 |    2057 |   0.0 |       0 |      11 |   0.0 |   470
               +---------+---------+-------+---------+---------+-------+---------
